 Dungeon Crawl Stone Soup version 0.8.0-151-ga56b52c character file.

402 caioprozin the Ducker (level 6, -5/35 HPs)
             Began as a Kobold Berserker on May 16, 2011.
             Was a Believer of Trog.
             Killed from afar by Dowan (20 damage)
             ... with a shard of ice
             ... on Level 4 of the Dungeon.
             The game lasted 00:46:28 (3105 turns).

caioprozin the Ducker (Kobold Berserker)            Turns: 3105, Time: 00:46:28

HP  -5/35        AC  5     Str 17 Exp: 6/333 (152), need: 187
MP   2/5         EV 15     Int  5      God: Trog [**....]
Gold 169         SH 11     Dex 16      Spells:  0 memorised,  5 levels left

Res.Fire  : . . .   See Invis. : .   l - +2,+1 elf short sword
Res.Cold  : . . .   Warding    : . . b - +0 animal skin
Life Prot.: . . .   Conserve   : .   e - +0 buckler
Res.Acid. : . . .   Res.Corr.  : .   (no helmet)
Res.Poison: .       Clarity    : .   m - +0 cloak
Res.Elec. : .       Spirit.Shd : .   f - +0 pair of gloves
Sust.Abil.: . .     Stasis     : .   q - +0 pair of elf boots
Res.Mut.  : .       Ctrl.Telep.: .   (no amulet)
Res.Rott. : .       Levitation : .   (no ring)
Saprovore : + + .   Ctrl.Flight: .   s - ring of sustenance {unknown}

@: exhausted, slowed, very slow, slightly resistant to hostile enchantments,
fairly stealthy
A: carnivore 3, saprovore 2
a: Burn Spellbooks, Berserk, Trog's Hand, Renounce Religion


You were on level 4 of the Dungeon.
You worshipped Trog.
Trog was most pleased with you.
You were full.

You visited 1 branch of the dungeon, and saw 4 of its levels.

You collected 149 gold pieces.

Inventory:

Hand weapons
 a - a +0,+0 mace
 h - a +0,+0 hand axe
 l - a +2,+1 elven short sword (weapon)
Missiles
 c - 73 poisoned +0 needles
 g - 28 +0 stones (quivered)
 j - 3 +0 darts
 A - 8 steel +0 darts
Armour
 b - a +0 animal skin (worn)
 e - a +0 buckler (worn)
 f - a +0 pair of gloves (worn)
 m - a +0 cloak (worn)
 q - a +0 pair of elven boots (worn)
Comestibles
 C - a meat ration
 F - a chunk of orc flesh
Scrolls
 d - 2 scrolls of identify
 i - 2 scrolls of enchant weapon I {unknown}
 r - a scroll of curse armour {unknown}
 t - a scroll of random uselessness {unknown}
 w - a scroll of enchant armour {unknown}
 y - a scroll of recharging {unknown}
 B - a scroll of fog {unknown}
 D - a scroll of remove curse {unknown}
Jewellery
 s - a ring of sustenance (left hand) {unknown}
Potions
 n - a potion of paralysis {unknown}
 o - a potion of heal wounds {unknown}
 p - a potion of speed {unknown}
 v - 2 potions of might {unknown}
 x - 2 potions of restore abilities {unknown}
 z - a potion of levitation {unknown}
Books
 E - a book of Frost

   Spells                             Type                      Level
   Freeze                             Ice                          1
   Throw Frost                        Conjuration/Ice              2
   Ozocubu's Armour                   Charms/Ice                   3
   Throw Icicle                       Conjuration/Ice              4
   Summon Ice Beast                   Ice/Summoning                5
   Freezing Cloud                     Conjuration/Ice/Air          6
   Trog disapproves of the use of such an item. You had 152 experience left.


   Skills:
 - Level 3 Fighting
 + Level 3 Short Blades
 - Level 3 Maces & Flails
 + Level 2 Throwing
 - Level 1 Armour
 + Level 4 Dodging
 + Level 1 Stealth


You had 5 spell levels left.
You didn't know any spells.

Dungeon Overview and Level Annotations

Branches:
Dungeon (4/27)
 Temple: D:4-7

Altars:
Makhleb
Zin


Innate Abilities, Weirdness & Mutations

You recuperate from illness quickly.
You are small and have problems with some larger weapons.
You are carnivorous and can eat meat at any time.
You can eat rotten meat.


Message History

Things that are here:
an elven anti-magic short sword; 28 stones You're too exhausted to go berserk.
It was a potion of berserk rage.
Dowan casts a spell at you. The shard of ice hits you!
Ouch! That really hurt!
You die...

▒∙∙ ▒∙∙ ▒∙∙ ▒∙▒
▒∙∙ ▒▒▒▒▒▒▒▒▒▒∙∙
▒∙∙∙∙∙∙))∙∙<
▒▒▒▒▒▒(▒▒▒▒∙∙∙)∙▒
▒∙(@∙(∙▒ ▒∙∙∙∙∙∙
▒▒(▒▒▒▒▒▒▒▒∙∙∙∙∙▒
▒▒▒(▒▒∙∙∙∙∙▒▒▒▒▒∙▒
▒∙b∙∙((∙∙∙∙▒ ▒∙▒
▒∙∙e∙(∙∙∙∙∙▒ ▒∙▒
∙∙∙∙∙∙∙∙∙∙∙∙∙∙▒
▒∙▒
▒▒▒▒∙∙∙∙∙∙∙∙∙∙▒
▒∙▒ ▒∙∙∙∙∙∙∙∙∙∙▒
▒■▒ ▒∙∙∙∙∙∙∙∙/∙∙ ∙


You could see Dowan and a megabat.

Vanquished Creatures
  An ogre (D:3)
  Duvessa (D:4)
  A giant mite (D:3)
  A snake (D:3)
  An ooze (D:4)
  7 orcs
  2 giant cockroaches (D:1)
  7 goblins
  5 hobgoblins
  4 giant newts
  9 kobolds
  10 megabats
  An orc skeleton (D:3)
  6 rats
  A rat skeleton (D:4)
57 creatures vanquished.

Vanquished Creatures (others)
  A toadstool (D:1)
1 creature vanquished.

Grand Total: 58 creatures vanquished

Notes
Turn   | Place    | Note
--------------------------------------------------------------
     0 | D:1      | caioprozin, the Kobold Berserker, began the quest for the Orb.
     0 | D:1      | Reached XP level 1. HP: 13/13 MP: 0/0
   420 | D:1      | Reached XP level 2. HP: 17/17 MP: 1/1
  1029 | D:1      | Reached XP level 3. HP: 19/22 MP: 2/2
  1072 | D:1      | Reached skill level 1 in Short Blades
  1635 | D:2      | Found a glowing silver altar of Zin.
  1811 | D:2      | Found a burning altar of Makhleb.
  2217 | D:3      | Acquired Trog's second power
  2285 | D:3      | Reached skill level 1 in Throwing
  2575 | D:3      | Reached XP level 4. HP: 26/26 MP: 3/3
  2781 | D:3      | Reached XP level 5. HP: 28/32 MP: 4/4
  2957 | D:4      | Reached skill level 1 in Stealth
  3067 | D:4      | Noticed Duvessa
  3070 | D:4      | Noticed Dowan
  3092 | D:4      | Defeated Duvessa
  3092 | D:4      | Reached XP level 6. HP: 27/35 MP: 1/5
  3103 | D:4      | Reached skill level 4 in Dodging
  3105 | D:4      | Killed from afar by Dowan
